 Dungeon Crawl Stone Soup version 0.24-a0-441-g27f0392e16 (webtiles) character file.

Game seed: 6251962213783538782

9914 gruber the Thaumaturge (level 11, -1/53 HPs)
             Began as a Spriggan Conjurer on June 19, 2019.
             Was an Elder of Vehumet.
             Hit by a silver javelin thrown by a minotaur (38 damage)
             ... in a Gauntlet.
             The game lasted 00:32:36 (13040 turns).

gruber the Thaumaturge (Spriggan Conjurer)         Turns: 13040, Time: 00:32:36

Health: -1/53      AC:  3    Str:  8    XL:     11   Next: 29%
Magic:  26/26      EV: 21    Int: 28    God:    Vehumet [****..]
Gold:   344        SH:  9    Dex: 13    Spells: 6/30 levels left

rFire    . . .     SeeInvis +   K - +7 dagger "Goblinslayer" {pierce, Str+2}
rCold    + . .     Gourm    .   y - +0 buckler
rNeg     . . .     Faith    .   o - +0 robe {Archmagi}
rPois    +         Spirit   .   (helmet restricted)
rElec    +         Reflect  +   k - +0 cloak
rCorr    .         Harm     .   (gloves unavailable)
MR       +....     NoTele   +   (boots unavailable)
Stlth    ++........             I - amulet of Askof {Reflect rElec Str+2 SH+2}
HPRegen  0.17/turn              S - ring of Kasicw {rPois rC+ Int+4}
MPRegen  0.20/turn              v - ring of Absolutism {+Blink rElec Int+3 Dex-3}

@: very quick
A: very small, unfitting armour, see invisible, herbivore, speed 3, slow
metabolism 2
a: Renounce Religion, Evoke Blink


You were in a Gauntlet.
You worshipped Vehumet.
Vehumet was greatly pleased with you.
You were not hungry.

You visited 1 branch of the dungeon, and saw 11 of its levels.
You also visited: Ossuary and Gauntlet.

You collected 768 gold pieces.
You spent 424 gold pieces at shops.

Inventory:

Hand Weapons
 K - the +7 dagger "Goblinslayer" (weapon) {pierce, Str+2}
   (You took it off an orc on level 8 of the Dungeon)

   It inflicts extra damage upon your enemies.
   It affects your strength (+2).
Missiles
 g - 41 poisoned darts (quivered)
Armour
 k - a +0 cloak (worn)
 o - a +0 robe of the Archmagi (worn)
 y - a +0 buckler (worn)
Jewellery
 v - the ring of Absolutism (right hand) {+Blink rElec Int+3 Dex-3}
   (You bought it in a shop on level 8 of the Dungeon)

   [ring of dexterity]

   It affects your intelligence (+3).
   It affects your dexterity (-3).
   It insulates you from electricity.
   It lets you blink.
 A - an uncursed ring of resist corrosion
 E - a +3 amulet of reflection
 I - the amulet of Askof (around neck) {Reflect rElec Str+2 SH+2}
   (You took it off an orc on level 6 of the Dungeon)

   [amulet of reflection]

   It shields you and reflects attacks.
   It affects your strength (+2).
   It insulates you from electricity.
   It affects your SH (+2).
 L - an uncursed ring of ice
 Q - an uncursed amulet of magic regeneration
 R - an uncursed ring of flight
 S - the ring of Kasicw (left hand) {rPois rC+ Int+4}
   (You found it in a Gauntlet)

   [ring of protection from cold]

   It affects your intelligence (+4).
   It protects you from cold.
   It protects you from poison.
Wands
 H - a wand of flame (21)
 J - a wand of disintegration (9)
 M - a wand of polymorph (9)
 N - a wand of paralysis (10)
Scrolls
 a - a scroll of noise {unknown}
 d - 3 scrolls of immolation {unknown}
 e - 5 scrolls of teleportation {unknown}
 j - 10 scrolls of remove curse
 l - 4 scrolls of enchant weapon {unknown}
 m - a scroll of blinking {unknown}
 n - 4 scrolls of fear {unknown}
 r - 3 scrolls of fog {unknown}
 z - 2 scrolls of random uselessness {unknown}
 B - 3 scrolls of enchant armour {unknown}
 C - a scroll of brand weapon {unknown}
 G - 2 scrolls of amnesia {unknown}
 O - a scroll of summoning {unknown}
 P - a scroll of vulnerability {unknown}
Potions
 b - 3 potions of might
 h - 6 potions of curing
 i - 5 potions of flight
 p - 6 potions of heal wounds
 q - 2 potions of cancellation
 s - a potion of resistance
 t - a potion of lignification
 u - 2 potions of invisibility
 w - 3 potions of mutation
 x - 3 potions of magic
 D - 2 potions of degeneration {unknown}
 F - 2 potions of haste {unknown}
Comestibles
 c - 12 rations


   Skills:
 - Level 4.0 Fighting
 - Level 7.0 Short Blades
 * Level 7.4 Dodging
 - Level 3.0 Stealth
 - Level 5.0 Shields
 - Level 10.0 Spellcasting
 - Level 9.0 Conjurations


You had 6 spell levels left.
You knew the following spells:

 Your Spells              Type           Power        Failure   Level  Hunger
a - Magic Dart            Conj           ####         1%          1    None
b - Searing Ray           Conj           ######       1%          2    None
c - Dazzling Spray        Conj/Hex       ######       1%          3    None
d - Force Lance           Conj/Tloc      ######..     1%          4    None
e - Throw Frost           Conj/Ice       ######       1%          2    None
f - Stone Arrow           Conj/Erth      ######       1%          3    None
g - Animate Dead          Necr           N/A          41%         4    None
h - Borgnjor's Vile Clut  Necr/Erth      ###.......   77%         5    ###....

Your spell library contained the following spells:

 Spells                   Type           Power        Failure   Level  Hunger
 Conjure Flame            Conj/Fire      ######..     1%          3    None
 Sandblast                Erth           ###...       1%          1    None
 Fulminant Prism          Conj/Hex       ######....   1%          4    None
 Iskenderun's Mystic Bla  Conj           #######.     1%          4    None
 Animate Skeleton         Necr           N/A          4%          1    None
 Apportation              Tloc           ###...       4%          1    None
 Confusing Touch          Hex            ###...       4%          1    None
 Corona                   Hex            ###....      4%          1    None
 Summon Small Mammal      Summ           ###.         4%          1    None
 Inner Flame              Hex/Fire       ###.....     4%          3    None
 Passwall                 Tmut/Erth      ###.....     7%          2    None
 Slow                     Hex            ###.....     7%          2    None
 Portal Projectile        Hex/Tloc       ###...       14%         3    None
 Recall                   Summ/Tloc      N/A          14%         3    None
 Lee's Rapid Deconstruct  Erth           ###.......   30%         5    ###....
 Cause Fear               Hex            ###.......   41%         4    None
 Leda's Liquefaction      Hex/Erth       ###.......   41%         4    None
 Petrify                  Tmut/Erth      ###.....     41%         4    None
 Death Channel            Necr           ###.......   100%        6    #####..
 Simulacrum               Ice/Necr       ###.......   100%        6    #####..


Dungeon Overview and Level Annotations

Branches:
Dungeon (11/15)            Temple (0/1) D:7            Lair (0/6) D:9
    Orc: D:9-12

Altars:
Ashenzari
Makhleb
Nemelex Xobeh
Qazlal
Vehumet
Beogh

Shops:
D:6 [   D:8 =

Annotations:
D:7 Joseph
D:9 3 runed translucent doors, Wahll's ghost, novice GnWr Gauntlet 6 transporters


Innate Abilities, Weirdness & Mutations

You are very small and have problems with some larger weapons.
You are too small for most types of armour.
You have supernaturally acute eyesight. (SInv)
You are a herbivore.
You cover ground extremely quickly.
You need to consume almost no food.


Message History

You start resting.
The minotaur is too close now for your liking.
You start resting.
Magic restored.
You start resting.
The minotaur is too close now for your liking.
Casting: Stone Arrow (safe; 1% risk of failure)
Confirm with . or Enter, or press ? or * to list all spells.
You can't see any susceptible monsters within range! (Use Z to cast anyway.) Unknown command.
The minotaur throws a silver javelin.
The silver javelin barely misses you.
You start resting.
The minotaur throws a silver javelin.
The silver javelin completely misses you.
You start resting.
The minotaur is too close now for your liking.
The minotaur throws a silver javelin.
The silver javelin pierces through you!!!
Ouch! That really hurt!
You die...

#§.§#..["©.$52#..#Gu.©...#
##§.###########..#########
#§..............∩..§......
##..................§.....
##≈#≈#≈#≈#≈########§#§#≈#
###########.©..©.#######
######......#####
#...(.(.....(...#
#.@.............#
##.##.##.##.##.##
##.##.##.##.##.##
#..H.....(...H..#
#.##.##.##.##.###
#.##.##.##.##.##
#..........H....
###.##.#'###.##. #. #.#.#
#.# .#


You could see a minotaur.

Vanquished Creatures
  A sixfirhy (Gauntlet)
  An ugly thing (Gauntlet)
  A manticore (D:8)
  A komodo dragon (D:9)
  2 trolls (D:9)
  Grinder (D:6)
  A hippogriff (D:8)
  A raiju (Gauntlet)
  2 wyverns (D:11)
  A wraith (Ossuary)
  2 steam dragons (Gauntlet)
  Menkaure (D:6)
  2 water moccasins
  An orc warrior (D:7)
  2 black bears
  3 sky beasts
  5 phantoms
  4 ice beasts
  6 ogres
  10 centaurs
  3 big kobolds
  9 bullfrogs
  3 scorpions
  A water moccasin skeleton (D:7)
  4 killer bees (D:8)
  A howler monkey (D:6)
  A quasit (D:9)
  5 bullfrog zombies
  9 crimson imps
  3 jellies
  A centaur zombie (D:10)
  5 hounds
  5 centaur skeletons
  4 orc priests
  15 orc wizards
  Jessica (D:3)
  Terence (D:2)
  Natasha (thrice) (D:3)
  8 worker ants
  A killer bee zombie (D:10)
  3 mummies (Ossuary)
  A worker ant zombie (D:6)
  Robin (D:2)
  2 howler monkey zombies
  15 adders
  7 gnolls
  3 shadow imps
  5 white imps (D:8)
  2 ufetubi (Gauntlet)
  An adder skeleton (D:4)
  2 worms
  7 leopard geckos
  21 orcs
  2 ball pythons
  5 bats (D:3)
  3 giant cockroaches
  17 goblins
  15 hobgoblins
  12 jackals
  20 kobolds
  3 quokkas
  3 frilled lizards
  3 goblin zombies (Ossuary)
  4 hobgoblin zombies (Ossuary)
  4 kobold zombies (Ossuary)
  A leopard gecko zombie (D:6)
  11 rats
304 creatures vanquished.

Vanquished Creatures (others)
  4 plants (D:9)
4 creatures vanquished.

Grand Total: 308 creatures vanquished

Notes
Turn   | Place    | Note
-------+----------+-------------------------------------------
     0 | D:1      | gruber the Spriggan Conjurer began the quest for the Orb.
     0 | D:1      | Reached XP level 1. HP: 9/9 MP: 5/5
   331 | D:1      | Reached XP level 2. HP: 13/13 MP: 0/6
   502 | D:1      | Reached skill level 3 in Spellcasting
  1021 | D:2      | Noticed Robin
  1145 | D:1      | Learned a level 2 spell: Searing Ray
  1314 | D:1      | Reached XP level 3. HP: 15/16 MP: 3/8
  1621 | D:2      | Noticed Terence
  1684 | D:2      | Killed Terence
  1684 | D:2      | Reached skill level 4 in Spellcasting
  1684 | D:2      | Reached XP level 4. HP: 21/21 MP: 6/11
  2031 | D:2      | Killed Robin
  2320 | D:3      | Noticed Jessica
  2325 | D:3      | Killed Jessica
  2325 | D:3      | Reached skill level 5 in Spellcasting
  2325 | D:3      | Reached XP level 5. HP: 24/24 MP: 9/13
  2354 | D:3      | Learned a level 3 spell: Dazzling Spray
  2359 | D:3      | Learned a level 4 spell: Force Lance
  2401 | D:3      | Noticed Natasha
  2406 | D:3      | Killed Natasha
  2557 | D:3      | Noticed a phantom
  2581 | D:3      | Killed a phantom
  2581 | D:3      | Reached skill level 6 in Spellcasting
  2581 | D:3      | Reached XP level 6. HP: 12/28 MP: 1/16
  2715 | D:3      | Found a shattered altar of Ashenzari.
  2974 | D:3      | Noticed Natasha
  2981 | D:3      | Killed Natasha
  3180 | D:3      | Noticed Natasha
  3188 | D:3      | Killed Natasha
  3390 | D:4      | Reached skill level 5 in Conjurations
  3529 | D:4      | Found a stormy altar of Qazlal.
  3703 | D:4      | Reached XP level 7. HP: 27/32 MP: 0/17
  4183 | D:5      | Entered Level 5 of the Dungeon
  4383 | D:5      | Found a sparkling altar of Nemelex Xobeh.
  4905 | D:6      | Reached XP level 8. HP: 36/36 MP: 7/18
  4951 | D:6      | Reached skill level 1 in Shields
  5009 | D:6      | Found Ytiwn's Antique Armour Shop.
  5171 | D:6      | Noticed Menkaure
  5343 | D:6      | Found a radiant altar of Vehumet.
  5367 | D:6      | Became a worshipper of Vehumet
  5389 | D:6      | Killed Menkaure
  5403 | D:6      | Found a sand-covered staircase.
  5422 | Ossuary  | Entered an ossuary
  5803 | Ossuary  | Reached * piety under Vehumet
  5803 | Ossuary  | Offered knowledge of Sting by Vehumet.
  6248 | D:6      | Identified the amulet of Askof {Reflect rElec Str+2 SH+2}
  6260 | D:6      | Reached skill level 5 in Shields
  6405 | D:6      | Noticed Grinder
  6426 | D:6      | Killed Grinder
  6426 | D:6      | Reached XP level 9. HP: 39/39 MP: 11/19
  7127 | D:7      | Found a staircase to the Ecumenical Temple.
  7128 | D:7      | Noticed Joseph
  7510 | D:7      | Reached ** piety under Vehumet
  7747 | D:7      | Offered knowledge of Throw Frost by Vehumet.
  7751 | D:7      | Learned a level 2 spell: Throw Frost
  7994 | D:7      | Found a burning altar of Makhleb.
  8258 | D:8      | Identified the +7 dagger "Goblinslayer" {pierce, Str+2}
  8317 | D:8      | Reached skill level 7 in Spellcasting
  8484 | D:8      | Offered knowledge of Ignite Poison by Vehumet.
  8650 | D:8      | Reached skill level 8 in Spellcasting
  8650 | D:8      | Reached XP level 10. HP: 37/44 MP: 10/23
  8776 | D:8      | Found Son Duv's Jewellery Emporium.
  8779 | D:8      | Bought a cursed ring of teleportation for 67 gold pieces
  8780 | D:8      | Bought the cursed ring of Absolutism {+Blink rElec Int+3
                  | Dex-3} for 357 gold pieces
  9109 | D:8      | Noticed a manticore
  9115 | D:8      | Killed a manticore
  9115 | D:8      | Reached skill level 9 in Spellcasting
  9296 | D:8      | Noticed a centaur warrior
  9684 | D:9      | Reached *** piety under Vehumet
  9684 | D:9      | Reached skill level 10 in Spellcasting
  9851 | D:9      | Found a staircase to the Lair.
 10270 | D:9      | Found a runed translucent gate.
 10270 | D:9      | Found a runed translucent gate.
 10272 | D:9      | Found a runed translucent gate.
 10273 | D:9      | Noticed Wahll's ghost (novice GnWr)
 10276 | D:9      | Found a roughly hewn altar of Beogh.
 10276 | D:9      | Identified the +4 flail of Piokhluby {venom, MP+9 Str+4}
 10276 | D:9      | Identified the cursed +0 chain mail of Misanthropy {Slay+2}
 10399 | D:9      | Reached skill level 5 in Short Blades
 10592 | D:10     | Entered Level 10 of the Dungeon
 10697 | D:10     | Offered knowledge of Sticky Flame by Vehumet.
 11212 | D:10     | Reached skill level 1 in Fighting
 11214 | D:10     | Reached **** piety under Vehumet
 11513 | D:10     | Learned a level 3 spell: Stone Arrow
 11518 | D:10     | Learned a level 4 spell: Animate Dead
 11524 | D:10     | Learned a level 5 spell: Borgnjor's Vile Clutch
 11553 | D:10     | Offered knowledge of Conjure Flame by Vehumet.
 11969 | D:11     | Reached XP level 11. HP: 52/52 MP: 5/26
 12135 | D:11     | Found a gate leading to a gauntlet.
 12203 | Gauntlet | Entered a Gauntlet
 12203 | Gauntlet | Found a transporter.
 12203 | Gauntlet | Found a transporter.
 12203 | Gauntlet | Found a transporter.
 12205 | Gauntlet | Noticed a sixfirhy
 12218 | Gauntlet | Found a transporter.
 12220 | Gauntlet | Found a transporter.
 12229 | Gauntlet | Found a transporter.
 12229 | Gauntlet | Found a transporter.
 12232 | Gauntlet | Noticed a red ugly thing
 12234 | Gauntlet | Noticed a brown ugly thing
 12237 | Gauntlet | Found a transporter.
 12237 | Gauntlet | Noticed a great orb of eyes
 12255 | Gauntlet | Found a transporter.
 12255 | Gauntlet | Noticed a reaper
 12261 | Gauntlet | Found a transporter.
 12263 | Gauntlet | Found a transporter.
 12274 | Gauntlet | Found a transporter.
 12441 | Gauntlet | Killed a sixfirhy
 12441 | Gauntlet | Reached skill level 5 in Dodging
 12671 | Gauntlet | Killed a red ugly thing
 12685 | Gauntlet | Got a crude wooden ring
 12782 | Gauntlet | Identified the ring of Kasicw {rPois rC+ Int+4} (You found
                  | it in a Gauntlet)
 12807 | Gauntlet | Identified the +4 scale mail "Gotobasch" {rElec rN+ Str+3
                  | Int-5}
 12807 | Gauntlet | Noticed a minotaur
 13040 | Gauntlet | Hit by a silver javelin thrown by a minotaur

Levels and vault maps discovered:
D:1:      minmay_arrival_doors, layout_rooms, hangedman_glass_teeth
D:2:      cheibrodos_greedy_goblins, layout_rooms, uniq_terence, uniq_robin
D:3:      layout_rooms, evilmike_ruin_ashenzari, uniq_natasha, uniq_jessica
D:4:      layout_basic, nicolae_overflow_crystal_walls, first_ration
D:5:      layout_rooms, nemelex_xobeh_ov_fountains_minmay
D:6:      layout_basic, kennysheep_mini, serial_shops, shop, enter_ossuary_1,
          minmay_between, uniq_grinder, uniq_menkaure
D:7:      layout_basic, minmay_temple_entry_drinking_statues,
          makhleb_heckhound_becter, uniq_joseph
D:8:      minmay_the_grid_octo_triangle [minmay_the_grid_octo_teeth,
          minmay_the_grid_octo_prize_star, minmay_the_grid_octo_clover_2],
          layout_basic, serial_shops, nicolae_shop_trees, grunt_pizzeria,
          minmay_nine_imps
D:9:      layout_roguey, david_lair_shrubbed, biasface_ghost_orc_armoury
D:10:     layout_long_grid, kennysheep_nub
D:11:     layout_basic, gauntlet_entry_generic
Gauntlet: minmay_gauntlet_mixed_big_or_small [gammafunk_gauntlet_arena_open,
          minmay_gauntlet_arena_77_p_blocks, nicolae_gauntlet_swirl,
          minmay_gauntlet_arena_77_double_cross, gammafunk_gauntlet_arena_grid,
          minmay_gauntlet_arena_77_hold_the_fort, gauntlet_exit_green]

Skill      XL: |  1  2  3  4  5  6  7  8  9 10 11 |
---------------+----------------------------------+-----
Conjurations   | 3 4 5 6 7 9 |  9.0
Spellcasting   | 3 4 5 6 8 10 | 10.0
Dodging        | 4 7 |  7.4
Shields        | 5 |  5.0
Short Blades   | 7 |  7.0
Fighting       | 3 4 |  4.0
Stealth        | |  3.0

Action                   |  1- 3 |  4- 6 |  7- 9 | 10-12 || total
-------------------------+-------+-------+-------+-------++-------
Melee: Unarmed           |     3 |       |       |       ||     3
       Dagger            |    15 |       |     8 |    70 ||    93
       Short sword       |       |    19 |       |       ||    19
       Spear             |       |    13 |    85 |       ||    98
Throw: Dart              |     6 |     6 |     8 |     3 ||    23
 Cast: Magic Dart        |    78 |    84 |   147 |    79 ||   388
       Searing Ray       |     3 |    22 |    66 |    52 ||   143
       Dazzling Spray    |       |       |     2 |    25 ||    27
       Force Lance       |       |       |     1 |    19 ||    20
       Stone Arrow       |       |       |       |     1 ||     1
  Use: Scroll            |       |       |       |    11 ||    11
 Stab: Sleeping          |       |     2 |     3 |       ||     5
  Eat: Ration            |       |       |     2 |     4 ||     6
Armor: Robe              |     4 |     4 |    16 |    19 ||    43
Dodge: Dodged            |    47 |    36 |   146 |   111 ||   340
Block: Buckler           |       |       |    38 |    39 ||    77

Table legend:
 A = Non-vault XP
 B = Vault XP
 C = Vault XP percentage of total XP
 D = Non-vault monster count
 E = Vault monster count
 F = Vault count percentage of total count
                 A         B        C        D         E       F
            +---------+---------+-------+---------+---------+-------
      Total |    9715 |    4448 |  31.4 |     237 |      67 |  22.0
            +---------+---------+-------+---------+---------+-------
        D:1 |      34 |       6 |  15.0 |      19 |       3 |  13.6
        D:2 |      60 |      84 |  58.3 |      14 |      19 |  57.6
        D:3 |     261 |      72 |  21.6 |      28 |       2 |   6.7
        D:4 |     628 |       0 |   0.0 |      18 |       0 |   0.0
        D:5 |     293 |       0 |   0.0 |      11 |       0 |   0.0
        D:6 |     805 |     617 |  43.4 |      29 |       5 |  14.7
        D:7 |    1558 |      40 |   2.5 |      34 |       1 |   2.9
        D:8 |     955 |    1100 |  53.5 |      18 |      14 |  43.8
        D:9 |    1504 |     327 |  17.9 |      18 |       1 |   5.3
       D:10 |    2108 |       0 |   0.0 |      34 |       0 |   0.0
       D:11 |    1509 |       0 |   0.0 |      14 |       0 |   0.0
    Ossuary |       0 |     267 | 100.0 |       0 |      15 | 100.0
   Gauntlet |       0 |    1935 | 100.0 |       0 |       7 | 100.0
            +---------+---------+-------+---------+---------+-------
